 Dungeon Crawl Stone Soup version 0.28.0-62-gf88900778d (webtiles) character file.

Game seed: 14860315856956086498

265 cbfl8 the Covered (level 5, 0/46 HPs)
             Began as a Minotaur Fighter on May 8, 2023.
             Succumbed to a water moccasin's poison
             ... in a sewer.
             The game lasted 00:02:52 (3418 turns).

cbfl8 the Covered (Minotaur Fighter)                Turns: 3418, Time: 00:02:53

Health: 0/46       AC: 11    Str: 21    XL:     5   Next: 99%
Magic:  4/4        EV:  7    Int:  5    God:
Gold:   129        SH:  5    Dex: 11    Spells: 4/4 levels left

rFire   + . .      SeeInvis .   a - +0 war axe
rCold   x . .      Faith    .   c - +0 buckler
rNeg    . . .      Spirit   .   f - +0 chain mail
rPois   .          Reflect  .   (helmet restricted)
rElec   .          Harm     .   (no cloak)
rCorr   .          Rampage  .   n - +0 pair of gloves
Will    .....                   (no boots)
Stlth   ..........              (no amulet)
HPRegen 0.15/turn               b - ring of fire
MPRegen 0.09/turn               (no ring)

@: mighty, lethally poisoned (0 -> -26), flying
A: horns 2, retaliatory headbutt, sense surroundings 1
a: no special abilities


You were in a sewer.
You visited 1 branch of the dungeon, and saw 5 of its levels.
You also visited: Sewer.

You collected 129 gold pieces.

Inventory:

Hand Weapons
 a - a +0 war axe (weapon)
Armour
 c - a +0 buckler (worn)
 f - a +0 chain mail (worn)
 n - a +0 pair of gloves (worn)
Jewellery
 b - a ring of fire (left hand)
Wands
 o - a wand of flame (11)
Scrolls
 g - 2 scrolls of amnesia {unknown}
 i - a scroll of silence {unknown}
 j - a scroll of magic mapping {unknown}
 k - a scroll of fear {unknown}
 l - 2 scrolls of summoning {unknown}
 m - 2 scrolls of teleportation {unknown}


   Skills:
 + Level 4.2 Fighting
 + Level 4.9 Axes
 + Level 5.6 Armour
 + Level 0.7 Dodging
 + Level 0.5 Stealth
 + Level 4.5 Shields


You had 4 spell levels left.
You didn't know any spells.
Your spell library contained the following spells:

 Spells                   Type           Power      Damage    Failure   Level
 Apportation              Tloc           0%         N/A       99%         1
 Sandblast                Erth           0%         2d4       99%         1
 Passwall                 Tmut/Erth      0%         N/A       100%        2
 Stone Arrow              Conj/Erth      0%         3d7       100%        3
 Fireball                 Conj/Fire      0%         3d3       100%        5
 Starburst                Conj/Fire      0%         6d3       100%        6
 Ignition                 Fire           0%         3d3       100%        8


Dungeon Overview and Level Annotations

Branches:
Dungeon (5/15)              Sewer (1/1)
 Temple: D:4-7

Altars:


Innate Abilities, Weirdness & Mutations

You have a pair of horns on your head.
You reflexively headbutt those who attack you in melee.
You passively map a small area around you.


Message History

You feel very sick. You block the water moccasin's attack.
A water moccasin is nearby!
You feel very sick.
The water moccasin bites you but does no damage.
You feel sick.
You feel very mighty all of a sudden.
You feel sick. The water moccasin bites you.
The water moccasin bites you but does no damage.
You miss the water moccasin.
You feel sick.
The water moccasin bites you but does no damage.
You slice the water moccasin!!
Your headbutt misses the water moccasin.
The water moccasin is severely wounded.
You feel sick. The water moccasin bites you.
You are lethally poisoned!
The water moccasin poisons you!
The water moccasin bites you but does no damage.
You barely miss the water moccasin.
Your headbutt misses the water moccasin.
The water moccasin is severely wounded.
* * * LOW HITPOINT WARNING * * *
You feel very sick. The water moccasin bites you.
* * * LOW HITPOINT WARNING * * *
You are more poisoned.
The water moccasin poisons you! The water moccasin barely misses you.
You furiously retaliate!
You headbutt the water moccasin!
You kill the water moccasin!
Your Fighting skill increases to level 4!
Okay, then.
There is a lethal amount of poison in your body!
It was a potion of flight.
You feel very buoyant.
You fly up into the air.
* * * LOW HITPOINT WARNING * * *
You feel extremely sick.
It was a potion of mutation.
You feel extremely strange.
You feel a strange attunement to the structure of the dungeons.
You die...

#.......#
#.......# .......
....., *,... * #.#
* ####### #!#
##.....## #†#
##...≈...#
#@#######...≈≈≈...
#..........≈≈≈≈≈.∩
#.#######...≈≈≈...
#.# ##...≈...# #.#
##.....## #.#
####### #.# #.#
#∩#


There were no monsters in sight!

Vanquished Creatures
  A water moccasin (Sewer)
  Ijyb (D:3)
  6 adders
  A worm (D:3)
  5 dart slugs
  2 orcs
  2 ball pythons (D:1)
  An endoplasm (D:3)
  4 giant cockroaches
  8 goblins
  4 hobgoblins
  4 jackals (D:1)
  4 kobolds
  3 quokkas
  10 bats
  5 frilled lizards
  4 rats
65 creatures vanquished.

Vanquished Creatures (others)
  4 plants (D:2)
4 creatures vanquished.

Grand Total: 69 creatures vanquished

Notes
Turn   | Place    | Note
-------+----------+-------------------------------------------
     0 | D:1      | cbfl8 the Minotaur Fighter began the quest for the Orb.
     0 | D:1      | Reached XP level 1. HP: 19/19 MP: 0/0
    46 | D:1      | Reached skill level 4 in Armour
   111 | D:1      | Reached XP level 2. HP: 26/26 MP: 1/1
   456 | D:1      | Reached XP level 3. HP: 33/33 MP: 2/2
   883 | D:1      | Found a faded altar of an unknown god.
   887 | D:1      | Got Plato's Almanac of Displacement
  1593 | D:2      | Reached XP level 4. HP: 40/40 MP: 3/3
  2832 | D:4      | Noticed a two-headed ogre
  2894 | D:4      | Noticed Ijyb
  2912 | D:3      | Killed Ijyb
  2913 | D:3      | Reached skill level 5 in Armour
  3238 | D:5      | Entered Level 5 of the Dungeon
  3287 | D:5      | Reached XP level 5. HP: 45/46 MP: 4/4
  3300 | D:5      | Found a glowing drain.
  3386 | Sewer    | Entered a sewer
  3407 | Sewer    | Noticed a water moccasin
  3416 | Sewer    | Killed a water moccasin
  3418 | Sewer    | Gained mutation: You passively map a small area around you.
                  | [potion of mutation]
  3418 | Sewer    | Succumbed to a water moccasin's poison

Illustrated notes

Levels and vault maps discovered:
D:1:      dpeg_arrival_tiny_g, layout_basic, serial_forest,
          infiniplex_forest_zigzag_1, infiniplex_forest_clump_long,
          infiniplex_forest_clump_long, infiniplex_forest_clump_small,
          infiniplex_forest_straight_1, infiniplex_forest_clump_curved,
          infiniplex_forest_lined_room_, infiniplex_forest_clump_long,
          infiniplex_forest_lined_4_way, infiniplex_forest_3_way,
          shapermc_ecumenical_altar_rom_forum, minmay_hexomino_c4
D:2:      layout_basic, serial_bayou, serial_bayou_pond_d, serial_bayou_pond_e,
          serial_bayou_lake_a, serial_bayou_pond_a
D:3:      layout_loops_ring
D:4:      layout_rooms, temple_hall, hangedman_decor_growths,
          minmay_snake_closets, uniq_ijyb
D:5:      cheibrodos_barr_body, layout_basic, marbit_many_paths,
          portal_sewer_entry_f, ebering_ghost_rock_garden, item_on_display_a
Sewer:    sewer_big_baddie

Skill      XL: |  1  2  3  4  5 |
---------------+----------------+-----
Armour         | 4 5 |  5.6
Shields        | 4 |  4.5
Axes           | 3 4 |  4.9
Fighting       | 4 |  4.2
Dodging        | |  0.7
Stealth        | |  0.5

Action                   |  1- 3 |  4- 6 || total
-------------------------+-------+-------++-------
Melee: War axe           |    88 |    77 ||   165
       Headbutt          |    12 |    11 ||    23
  Use: Potion            |       |     3 ||     3
Armor: Scale mail        |    16 |       ||    16
       Chain mail        |    47 |    48 ||    95
Dodge: Dodged            |    49 |    30 ||    79
Block: Buckler           |    20 |    12 ||    32
